 Dungeon Sprint DCSS version 0.31.0-32-g396128a36d (webtiles) character file.

Game seed: 6369279552474137403

539 Heoruswealwe the Spear-Bearer (level 7, 0/71 HPs)
             Began as a Minotaur Fighter on Mar 13, 2024.
             Was an Initiate of Gozag.
             Slain by an orc warrior
             ... wielding a +0 mace
              (3 damage)
             ... in the Dungeon (Sprint IX: "|||||||||||||||||||||||||||||").
             The game lasted 00:01:27 (139 turns).

Heoruswealwe the Spear-Bearer (Minotaur Fighter)     Turns: 139, Time: 00:01:28

Health: 0/71       AC:  8    Str: 22    XL:     7   Next: 5%
Magic:  6/6        EV:  9    Int:  5    God:    Gozag
Gold:   0          SH:  4    Dex: 10    Spells: 6/6 levels left

rFire   . . .        a - +0 trident
rCold   . . .        d - +0 buckler
rNeg    . . .        c - +0 scale mail
rPois   .            (helmet restricted)
rElec   .            (no cloak)
rCorr   .            (no gloves)
SInv    .            (no boots)
Will    .....        (no amulet) Stlth
                     (no ring)
HPRegen 0.31/turn    (no ring)
MPRegen 0.10/turn

%: no teleportation
@: gold aura, slowed, very slow
A: horns 2, retaliatory headbutt
a: Renounce Religion, Potion Petition, Call Merchant, Bribe Branch


You were in the Dungeon.
You worshipped Gozag.
Gozag was noncommittal.
You visited 1 branch

Inventory:

Hand Weapons
 a - a +0 trident (weapon)
Armour
 c - a +0 scale mail (worn)
 d - a +0 buckler (worn)
Jewellery
 k - a +2 ring of protection
 l - a +3 ring of intelligence
Wands
 h - a wand of iceblast (10)
Scrolls
 j - 2 scrolls of blinking
Potions
 b - a potion of might
 e - 2 potions of heal wounds
 f - 4 potions of curing
 g - a potion of haste
 i - a potion of berserk rage


   Skills:
 + Level 9.8 Fighting
 * Level 12.9 Polearms
 + Level 9.8 Armour
 - Level 3.6 Shields


You had 6 spell levels left.
You didn't know any spells.
Your spell library was empty.

Dungeon Overview and Level Annotations

Branches:
Dungeon (1/1)

Altars:
Cheibriados
Dithmenos
Elyvilon
Fedhas
Gozag
Hepliaklqana
Kikubaaqudgha
Makhleb
Nemelex Xobeh
Okawaru
Qazlal
Ru
Sif Muna
Trog
Uskayaw
Vehumet
Wu Jian
Xom
Yredelemnul
Zin
The Shining One
Jiyva
Lugonu


Innate Abilities, Weirdness & Mutations

You have a pair of horns on your head.
You reflexively headbutt those who attack you in melee.


Message History

The wraith hits you!
* * * LOW HITPOINT WARNING * * *
The wraith drains your vigour!
You feel as though you will be slow longer.
You hit the wraith but do no damage. You headbutt the wraith.
The wraith is severely damaged.
You block the wraith's attack.
You closely miss the wraith. You headbutt the wraith!
The wraith is almost destroyed.
The wraith hits you!
* * * LOW HITPOINT WARNING * * *
The wraith drains your vigour!
You feel as though you will be slow longer.
You closely miss the wraith.
The wraith is almost destroyed.
The wraith hits you but does no damage.
You hit the wraith.
The wraith is almost destroyed.
The wraith barely misses you.
You completely miss the wraith. Your headbutt misses the wraith.
The wraith is almost destroyed.
The wraith closely misses you.
You hit the wraith.
You destroy the wraith!
You have reached level 7!
You barely miss the orc warrior. Your headbutt misses the orc warrior.
The orc warrior closely misses you.
You hit the orc warrior but do no damage.
The orc warrior hits you with a +0 mace.
* * * LOW HITPOINT WARNING * * *
You hit the orc warrior but do no damage.
Your headbutt misses the orc warrior.
The orc warrior hits you with a +0 mace.
* * * LOW HITPOINT WARNING * * *
The orc warrior hits you but does no damage.
You hit the orc warrior.
The orc warrior is lightly wounded.
The orc warrior hits you with a +0 mace.
You die...
Your body crumbles into a pile of gold. ▓▓▓▓▓▓▓▓▓▓▓▓▓▓▓▓▓▓▓▓▓▓▓▓ +...TKo@..[[[.)?!'______ ▓▓▓▓▓▓▓▓▓▓▓▓▓▓▓▓▓▓▓▓▓▓▓▓

You could see a troll, an orc warrior and a kobold brigand.

Vanquished Creatures
  A wraith (D)
  A yak (D)
  A centaur (D)
  A scorpion (D)
  A killer bee (D)
  An iguana (D)
  An orc wizard (D)
  An orc (D)
  A ball python (D)
  An endoplasm (D)
  2 bats (D)
  A frilled lizard (D)
13 creatures vanquished.

Notes
Turn   | Place    | Note
-------+----------+-------------------------------------------
     0 | D        | Heoruswealwe the Minotaur Fighter began the quest for the
                  | Orb.
     0 | D        | Reached XP level 1. HP: 19/19 MP: 0/0
     7 | D        | Reached skill level 3 in Polearms
    17 | D        | Noticed a scorpion
    17 | D        | Noticed a centaur
    17 | D        | Noticed an iguana
    17 | D        | Noticed an orc wizard
    34 | D        | Killed an orc wizard
    35 | D        | Reached skill level 5 in Fighting
    35 | D        | Reached skill level 5 in Polearms
    35 | D        | Reached skill level 5 in Armour
    35 | D        | Reached XP level 2. HP: 21/29 MP: 1/1
    35 | D        | Reached XP level 3. HP: 26/36 MP: 2/2
    39 | D        | Reached skill level 6 in Polearms
    46 | D        | Killed a centaur
    47 | D        | Reached skill level 8 in Polearms
    47 | D        | Reached XP level 4. HP: 39/45 MP: 3/3
    52 | D        | Killed a scorpion
    53 | D        | Reached skill level 9 in Polearms
    53 | D        | Reached XP level 5. HP: 46/53 MP: 4/4
    63 | D        | Found a snail-covered altar of Cheibriados.
    63 | D        | Found a shadowy altar of Dithmenos.
    63 | D        | Found a white marble altar of Elyvilon.
    63 | D        | Found a blossoming altar of Fedhas.
    63 | D        | Found an opulent altar of Gozag.
    64 | D        | Found a hazy altar of Hepliaklqana.
    65 | D        | Found a viscous altar of Jiyva.
    66 | D        | Found an ancient bone altar of Kikubaaqudgha.
    67 | D        | Found a corrupted altar of Lugonu.
    68 | D        | Found a burning altar of Makhleb.
    69 | D        | Found a sparkling altar of Nemelex Xobeh.
    70 | D        | Found an iron altar of Okawaru.
    71 | D        | Became a worshipper of Gozag Ym Sagoz the Greedy
    72 | D        | Found a stormy altar of Qazlal.
    73 | D        | Found a sacrificial altar of Ru.
    74 | D        | Found a shimmering blue altar of Sif Muna.
    75 | D        | Found a bloodstained altar of Trog.
    76 | D        | Found a hide-covered altar of Uskayaw.
    77 | D        | Found a radiant altar of Vehumet.
    78 | D        | Found an ornate altar of the Wu Jian Council.
    79 | D        | Found a shimmering altar of Xom.
    80 | D        | Found a basalt altar of Yredelemnul.
    81 | D        | Found a glowing silver altar of Zin.
    82 | D        | Found a glowing golden altar of the Shining One.
   107 | D        | Noticed a troll
   107 | D        | Noticed an orc warrior
   107 | D        | Noticed a wraith
   107 | D        | Noticed a yak
   114 | D        | Killed a yak
   115 | D        | Reached skill level 11 in Polearms
   115 | D        | Reached XP level 6. HP: 62/62 MP: 5/5
   120 | D        | Reached skill level 12 in Polearms
   135 | D        | Killed a wraith
   136 | D        | Reached XP level 7. HP: 11/71 MP: 6/6
   138 | D        | HP: 3/71 [orc warrior/+0 mace (4)]
   139 | D        | Slain by an orc warrior

Illustrated notes

Levels and vault maps discovered:
D:        linesprint [early_d, line_temple, items_1, d_10, items_2, lair_1,
          lair_end, items_3, orc_1, orc_end, items_4, d_15, swamp_1, shoals_1,
          snake_1, spider_1, d_20, vaults_1, items_5, swamp_end, shoals_end,
          snake_end, spider_end, vaults_end, d_27, items_6, zot_1, zot_end,
          crypt_end, forest_end, elf_end, slime_end, tomb_end, abyss_end,
          pan_hell_end]

Skill      XL: |  1  2  3  4  5  6 |
---------------+-------------------+-----
Polearms       | 5 8 9 11 12 | 12.9
Fighting       | 5 6 7 8 9 |  9.8
Armour         | 5 6 7 8 9 |  9.8
Shields        | |  3.6

Action                     |  1- 3 |  4- 6 |  7- 9 || total
---------------------------+-------+-------+-------++-------
  Melee: Trident           |    26 |    36 |     4 ||    66
         Headbutt          |     2 |     9 |       ||    11
    Use: Potion            |     2 |       |       ||     2
 Armour: Scale mail        |    27 |    16 |     4 ||    47
  Dodge: Dodged            |    13 |    13 |     1 ||    27
  Block: Buckler           |     5 |     6 |       ||    11
